 Dungeon Crawl Stone Soup version 0.17-a0-2231-gd80ca38 (webtiles) character file.

966 Raultor the Cudgeler (level 8, -13/51 HPs)
             Began as a Gargoyle Fighter on Oct 29, 2015.
             Mangled by Menkaure (15 damage)
             ... on level 4 of the Dungeon.
             The game lasted 00:11:08 (4181 turns).

Raultor the Cudgeler (Gargoyle Fighter)             Turns: 4181, Time: 00:11:09

Health: -13/51     AC: 16    Str: 22    XL:     8   Next: 15%
Magic:  8/8        EV:  7    Int:  8    God:
Gold:   144        SH:  9    Dex: 10    Spells: 0 memorised, 7 levels left

rFire  . . .     SeeInvis .     a - +0 flail
rCold  . . .     Clarity  +     b - +0 scale mail
rNeg   + . .     SustAt   .     c - +0 shield
rPois  ∞         Gourm    .     (no helmet)
rElec  +         Spirit   .     (no cloak)
rCorr  .         Warding  .     n - +2 pair of gloves
rMut   .         Stasis   .     (no boots)
MR     .....                    y - amulet of clarity
Stlth  ..........               (no ring)
                                (no ring)

@: not resistant to hostile enchantments, extremely unstealthy
A: negative energy resistance 1, electricity resistance, unbreathing,
petrification resistance, rot immunity, AC +5
a: no special abilities


You were on level 4 of the Dungeon.
You were not hungry.

You visited 1 branch of the dungeon, and saw 4 of its levels.

You collected 144 gold pieces.

Inventory:

Hand Weapons
 a - a +0 flail (weapon)
Armour
 b - a +0 scale mail (worn)
 c - a +0 shield (worn)
 h - a +0 pair of gloves
 n - a +2 pair of gloves (worn)
Jewellery
 y - an amulet of clarity (around neck)
Wands
 o - a wand of polymorph (14)
 v - a wand of fire (9)
Scrolls
 f - 4 scrolls of remove curse
 g - 4 scrolls of identify {unknown}
 i - 2 scrolls of fear {unknown}
 k - a scroll of enchant armour {unknown}
 s - a scroll of blinking {unknown}
 w - 2 scrolls of teleportation {unknown}
 x - a scroll of amnesia {unknown}
 B - a scroll of fog {unknown}
 D - a scroll of enchant weapon {unknown}
Potions
 d - 3 potions of might
 j - 3 potions of lignification {unknown}
 m - 2 potions of curing {unknown}
 q - a potion of agility {unknown}
 r - a potion of flight {unknown}
 t - a potion of degeneration {unknown}
 u - a potion of berserk rage {unknown}
 z - a potion of brilliance {unknown}
 A - a potion of haste {unknown}
Comestibles
 e - 4 bread rations
 l - 4 meat rations
 p - 4 fruits
 C - 3 chunks of flesh


   Skills:
 + Level 5.9 Fighting
 * Level 6.8 Maces & Flails
 + Level 5.9 Armour
 - Level 3.2 Shields


You had 7 spell levels left.
You didn't know any spells.

Dungeon Overview and Level Annotations

Branches:
Dungeon (4/15)
 Temple: D:4-7

Altars:
Ashenzari
Dithmenos
Fedhas
Gozag

Shops:
D:4 %

Annotations:
D:4 Menkaure


Innate Abilities, Weirdness & Mutations

You are resistant to torment.
Your stone body is resilient (AC +5).
You are immune to poison.
You resist negative energy.
You are resistant to electric shocks.
You can survive without breathing.
You are immune to petrification.
You are immune to rotting.


Message History

Menkaure gestures wildly while chanting.
Menkaure seems to speed up.
You hit Menkaure.
Menkaure is severely damaged.
Menkaure hits you but does no damage.
You hit Menkaure but do no damage.
Menkaure is severely damaged.
Menkaure hits you! x2
* * * LOW HITPOINT WARNING * * *
You are too injured to fight recklessly!
You are too injured to fight recklessly!
You are too injured to fight recklessly!
You hit Menkaure.
Menkaure is severely damaged.
Menkaure hits you!
* * * LOW HITPOINT WARNING * * *
Your scale mail prevents you from hitting Menkaure.
Menkaure is severely damaged.
Menkaure hits you!
You die...

.......##.#
##..#..##.# #.#
#.....##.# #.#
##.#.###.# #.#
###)......# ####.###
.......#### #......
###.....## #.##.###.#
#.......## #.#$.M...#
#.........###...@##.
+.....)...'..........#
#.........####...#####
##.......## ##..#
##.....## ##.# ##...##
#.# ##+# #.# #.#


You could see Menkaure.

Vanquished Creatures
  The ghost of Uberwunderbarhen the Ducker, an amateur OpFi (D:4)
  A hungry ghost (D:4)
  A phantom (D:4)
  An ogre (D:4)
  2 hounds (D:4)
  2 giant frog skeletons
  An orc priest (D:3)
  Jessica (D:3)
  3 orc wizards (D:4)
  A worker ant (D:4)
  3 gnolls (D:3)
  6 adders
  2 adder skeletons (D:4)
  6 worms
  11 orcs
  3 giant cockroaches
  8 hobgoblins
  6 kobolds
  5 quokkas
  3 bats
  A giant gecko (D:4)
  A giant newt (D:1)
  6 goblins
  3 jackals (D:2)
  4 rats
82 creatures vanquished.

Notes
Turn   | Place    | Note
--------------------------------------------------------------
     0 | D:1      | Raultor the Gargoyle Fighter began the quest for the Orb.
     0 | D:1      | Reached XP level 1. HP: 14/14 MP: 1/1
   390 | D:1      | Reached XP level 2. HP: 19/19 MP: 2/2
  1027 | D:2      | Reached XP level 3. HP: 23/23 MP: 3/3
  1982 | D:3      | Reached skill level 4 in Armour
  1982 | D:3      | Reached XP level 4. HP: 27/29 MP: 4/4
  2113 | D:3      | Reached XP level 5. HP: 5/33 MP: 5/5
  2404 | D:3      | Noticed Jessica
  2408 | D:3      | Killed Jessica
  2489 | D:3      | Found a blossoming altar of Fedhas.
  2799 | D:4      | Noticed Uberwunderbarhen's ghost (amateur OpFi)
  2812 | D:4      | Killed Uberwunderbarhen's ghost
  2812 | D:4      | Reached skill level 5 in Maces & Flails
  2812 | D:4      | Reached skill level 5 in Armour
  2812 | D:4      | Reached XP level 6. HP: 12/39 MP: 6/6
  3340 | D:4      | Reached skill level 5 in Fighting
  3340 | D:4      | Reached XP level 7. HP: 42/44 MP: 7/7
  3453 | D:4      | Found Ruixta Locs's Food Boutique.
  3453 | D:4      | Noticed a hungry ghost
  3478 | D:4      | Killed a hungry ghost
  3560 | D:4      | Found a shadowy altar of Dithmenos.
  3571 | D:4      | Reached skill level 6 in Maces & Flails
  3590 | D:4      | Found a shattered altar of Ashenzari.
  3692 | D:4      | Found an opulent altar of Gozag.
  3929 | D:4      | Noticed an ogre
  3941 | D:4      | Killed an ogre
  3941 | D:4      | Reached XP level 8. HP: 21/51 MP: 8/8
  4172 | D:4      | Noticed Menkaure
  4180 | D:4      | HP: 2/51 [Menkaure (12)]
  4181 | D:4      | Mangled by Menkaure

Vault maps used:
D:1:      dpeg_arrival_brainrot
D:3:      wad_crossroads, fedhas_altar_1, uniq_jessica
D:4:      minitemple, kennysheep_mini_moat, serial_shops,
          nicolae_shop_scaring_up_business, uniq_menkaure

Action                   |  1- 3 |  4- 6 |  7- 9 || total
-------------------------+-------+-------+-------++-------
Melee: Flail             |   135 |   102 |   148 ||   385
  Use: Scroll            |       |       |     1 ||     1
  Eat: Chunk             |     3 |     2 |     3 ||     8
       Bread ration      |       |     1 |     1 ||     2
       Fruit             |       |       |     1 ||     1
       Pizza             |       |       |     1 ||     1
